[Event "Team 45 45 League T23"]
[Site "Internet Chess Club"]
[Date "2004.08.03"]
[Round "7"]
[White "e4ia"]
[Black "clarinetref"]
[Result "1-0"]
[WhiteElo "1493"]
[BlackElo "1421"]
[TimeControl "2700+45"]

1. c4 c5 2. Nc3 Nc6 3. e3 e6 4. Nf3 Nf6 5. d4 cxd4 6. exd4 Bb4 7. Qc2 h6 8.
a3 Bxc3+ 9. Qxc3 O-O 10. Bd3 Ne7 11. O-O b6 12. Bf4 d5 13. c5 Bb7 14. b4 Rc8
15. Rfc1 Ng6 16. Bxg6 fxg6 17. b5 Ne4 18. Qe3 bxc5 19. dxc5 g5 20. Bg3 Qe7
21. c6 Ba8 22. Ne5 Rf6 23. Ra2 Nxg3 24. hxg3 Qd6 25. Qd4 Rf5 26. Nc4 Qf8 27.
Ne5 Qf6 28. Re2 a6 29. a4 axb5 30. axb5 Qe7 31. Qc5 Qf6 32. Nd7 Qf7 33. Qd6
e5 34. Nb6 Rf8 35. Qxd5 Qxd5 36. Nxd5 Re8 37. Nc7 Rc8 38. Nxa8 Rxa8 39. b6
Re8 40. c7 Rff8 41. b7 Re7 42. b8=Q Rxc7 43. Qxc7 {Black resigns} 1-0


   **ANNOUNCEMENT** from ROBOadmin: *** GRANDMASTER versus GRANDMASTER!!  GM
   DJShrek is playing GM Henkerr!  Type "follow DJShrek" to watch the rated
   blitz 3 0 game.

[Event "Team 45 45 League T23"]
[Site "Internet Chess Club"]
[Date "2004.08.02"]
[Round "7"]
[White "jientho"]
[Black "Two-DogMan"]
[Result "0-1"]
[WhiteElo "1267"]
[BlackElo "1498"]
[TimeControl "2700+45"]

1. e4 e5 2. Nf3 Nc6 3. Bc4 h6 4. d4 exd4 5. Nxd4 d6 6. Be3 Bd7 7. Nc3 Ne5 8. Qe2
Nxc4 9. Qxc4 Nf6 10. O-O-O a6 11. Nd5 c6 12. Nf4 Be7 13. Nf5 Bxf5 14. exf5 O-O
15. Ng6 Re8 16. Nxe7+ Qxe7 17. Rhe1 Qd7 18. g4 Re4 19. Qd3 Rxg4 20. Bd4 Nd5 21.
Rg1 Rxg1 22. Rxg1 f6 23. Rg6 Nf4 24. Qf3 Nxg6 25. fxg6 Qe6 26. Qb3 Qxb3 27. axb3
Re8 28. Kd2 Re4 29. Kd3 Rg4 30. Bb6 Rxg6 31. c4 Rg2 32. h3 Rh2 33. Ke2 Rxh3 34.
Bc7 d5 35. Bb6 g5 36. f3 h5 37. Be3 dxc4 38. bxc4 g4 39. fxg4 hxg4 40. Bg1 f5
41. Kf2 f4 42. c5 Kf7 43. Kf1 a5 44. Bd4 Ke6 45. Bc3 Kd5 46. Bxa5 Kxc5 47. b4+
Kb5 48. Bc7 c5 49. bxc5 Kxc5 50. Bb8 b5 51. Kf2 b4 52. Ba7+ Kc4 53. Ke2 b3 54.
Kd2 f3 55. Kc1 g3 56. Be3 f2 57. Bxf2 gxf2 58. Kd2 Rh2 59. Ke2 b2 60. Kd2 b1=Q
61. Ke2 Qb3 62. Kf1 Qb1+ 63. Ke2 f1=Q+ 64. Ke3 Qbe1# {White checkmated} 0-1

[Event "Team 45 45 League T23"]
[Site "Internet Chess Club"]
[Date "2004.07.30"]
[Round "7"]
[White "tekdeth"]
[Black "slakkjaw"]
[Result "1-0"]
[WhiteElo "1329"]
[BlackElo "1162"]
[TimeControl "2700+45"]

1. e4 Nc6 2. c3 e5 3. Bb5 Nge7 4. Nf3 a6 5. Ba4 b5 6. Bc2 Ng6 7. d4 Na5 8. dxe5
Nc4 9. e6 fxe6 10. b3 Nb6 11. Be3 c5 12. Nbd2 Be7 13. e5 d6 14. Bxg6+ hxg6 15.
Ne4 Nd5 16. Bg5 Qa5 17. O-O Bxg5 18. Nfxg5 dxe5 19. Qf3 Qc7 20. Rad1 Nf6 21.
Nd6+ Ke7 22. Ngf7 e4 23. Qf4 Rh7 24. Nf5+ Kxf7 25. Qxc7+ Nd7 26. Nd6+ Kf6 27.
Nxc8 Ne5 28. Qd8+ {Black resigns} 1-0

[Event "Team 45 45 League T23"]
[Site "Internet Chess Club"]
[Date "2004.08.02"]
[Round "7"]
[White "Mila-Reina"]
[Black "peterts"]
[Result "0-1"]
[WhiteElo "1106"]
[BlackElo "1079"]
[TimeControl "2700+45"]

1. e4 e5 2. Nf3 Nc6 3. d4 exd4 4. Nxd4 Nxd4 5. Qxd4 Qf6 6. e5 Qe7 7. Bc4 d6 8.
Bf4 g5 9. Bg3 Bg7 10. O-O dxe5 11. Qe3 c5 12. Re1 f5 13. Qc3 f4 14. Bb5+ Kf8 15.
Bxf4 gxf4 16. Nd2 e4 17. Qb3 Be6 18. Nc4 a6 19. Ba4 b5 20. Rxe4 bxa4 21. Qf3 Bd5
22. Rxf4+ Nf6 23. Qg3 Bxc4 24. Rxc4 Ne4 25. Qf3+ Nf6 26. Qxa8+ Kf7 27. Qxa6 Ne4
28. Re1 Qf6 29. Rexe4 Qxa6 30. Rf4+ Bf6 31. Rxa4 Qc6 32. c3 Rd8 33. h3 Rd1+ 34.
Kh2 Qd6 35. Rc4 Kg6 36. g3 Be5 37. Rg4+ Kf6 38. h4 h5 39. Rg8 Qd5 40. Rf8+ Kg7
41. Re8 Qh1# {White checkmated} 0-1